AoeStats
← NextStep

Arabia

505825869Analyzed
1v1 RM · 22d ago on Sep 11, 2026· 34m 59s· 2 players
Game mode
Random Map
Map size
Tiny (2 player)
Population
200
Speed
Normal
Resources
Standard
Victory
Conquest
Starting age
Dark Age
Ending age
Imperial Age
RankedLock teamsTeams togetherTeam positionsShared explorationLock speedFull tech treeHidden civsTurbo modeCheats
Victory
Defeat
🇮🇩 Turks · Indonesia
1010
+16
🇨🇭 Chinese · Switzerland
1000
-48
NextStep
0:50 Loom
13:09 Feudal Age
13:39 Town Watch
13:54 Double-Bit Axe
14:17 Town Watch
16:09 Arson
16:49 Horse Collar
19:54 Stone Mining
19:55 Gold Mining
22:43 Padded Archer Armor
24:13 Forging
30:23 Wheelbarrow
Muted TY
9:05 Loom
11:31 Feudal Age
16:33 Castle Age
15:09 Double-Bit Axe
16:22 Horse Collar
29:58 Scale Barding Armor
29:56 Padded Archer Armor
30:07 Forging
30:02 Husbandry
30:13 Bloodlines
32:00 Chain Barding Armor
34:27 Iron Casting
33:43 Fletching
Connection lost

Rejoining the realm…

Still unreachable

The connection could not be restored.

Session expired

The server has moved on; the page needs a fresh start.